 Dungeon Crawl Stone Soup version 0.21.1-1-g345015fe64 (webtiles) character file.

1035 Naru the Cleaver (level 8, -1/70 HPs)
             Began as a Hill Orc Monk on June 21, 2018.
             Slain by an orc warrior
             ... wielding a +0 halberd
              (14 damage)
             ... on level 6 of the Dungeon.
             The game lasted 00:10:20 (5467 turns).

Naru the Cleaver (Hill Orc Monk)                    Turns: 5467, Time: 00:10:21

Health: -1/70      AC: 14    Str: 14    XL:     8   Next: 24%
Magic:  8/8        EV:  5    Int: 12    God:
Gold:   326        SH:  0    Dex: 13    Spells: 7/7 levels left

rFire    . . .     SeeInvis .   g - +0 broad axe
rCold    . . .     Gourm    .   (no shield)
rNeg     . . .     Faith    .   h - +0 plate armour
rPois    .         Spirit   .   r - +2 hat
rElec    .         Reflect  .   (no cloak)
rCorr    .         Harm     .   (no gloves)
MR       .....                  (no boots)
Stlth    ..........             (no amulet)
HPRegen  0.21/turn              (no ring)
MPRegen  0.11/turn              (no ring)

@: no status effects
A: no striking features
a: no special abilities


You were on level 6 of the Dungeon.
You were not hungry.

You visited 1 branch of the dungeon, and saw 6 of its levels.
You also visited: Sewer.

You collected 326 gold pieces.

Inventory:

Hand Weapons
 g - a +0 broad axe (weapon)
Missiles
 p - 6 javelins (quivered)
Armour
 h - a +0 plate armour (worn)
 l - a cursed +0 ring mail
 r - a +2 hat (worn)
 s - a +0 ring mail of positive energy
Jewellery
 e - an uncursed ring of positive energy {unknown}
Wands
 a - a wand of digging (23)
 u - a wand of enslavement (11)
Scrolls
 b - a scroll of teleportation
 i - a scroll of immolation
 t - 3 scrolls of amnesia {unknown}
 y - a scroll of remove curse {unknown}
 z - a scroll of magic mapping {unknown}
Potions
 d - 4 potions of haste {unknown}
 f - 2 potions of ambrosia {unknown}
 j - a potion of lignification {unknown}
 k - 4 potions of heal wounds {unknown}
 m - 6 potions of degeneration
 n - 2 potions of curing {unknown}
 o - a potion of resistance {unknown}
 q - a potion of brilliance {unknown}
 w - 2 potions of flight {unknown}
Books
 x - a book of Misfortune

   Spells                             Type                      Level
   a - Confusing Touch                Hexes                        1
   b - Confuse                        Hexes                        3
   c - Gell's Gravitas                Translocation                3
   d - Petrify                        Transmutation/Earth          4
   e - Metabolic Englaciation         Hexes/Ice                    5
   f - Yara's Violent Unravelling     Hexes/Transmutation          5
Comestibles
 c - 6 rations


   Skills:
 * Level 6.0 Fighting
 * Level 9.7 Axes
 * Level 5.1 Armour
 + Level 2.6 Dodging
 - Level 1.5 Stealth


You had 7 spell levels left.
You didn't know any spells.

Dungeon Overview and Level Annotations

Branches:
Dungeon (6/15)             Temple (0/1) D:5

Altars:
Ashenzari
Fedhas
Qazlal
Ru
Uskayaw
The Shining One


Message History

Your plate armour prevents you from hitting the orc warrior.
You hit something.
Reactivating autopickup.
You feel a bit more experienced.
The orc warrior hits you with a halberd!
You closely miss the orc warrior.
The orc warrior hits you with a halberd.
You barely miss the orc warrior.
The orc warrior hits you but does no damage.
Your plate armour prevents you from hitting the orc warrior.
You hit the orc warrior but do no damage.
The orc warrior hits you with a halberd!
* * * LOW HITPOINT WARNING * * *
You slash the orc warrior!
The orc warrior is heavily wounded.
The orc warrior hits you but does no damage.
You hit the orc warrior but do no damage.
The orc warrior is heavily wounded.
The orc warrior hits you with a halberd!
You die...

######.# ##.#
#......####..# #
####............. #.
.....##...###.#.
#.#####..#..........
#...................
#.#...#######..####.
#..).....# ....###.≈
#..@)....# ....≈.##
##.o###### ..#≈≈_.
#..... .#....
#...... .....#≈§§
#..##### .........
#... .....##.. #...
....###.# #.## ##.#
#... #.. ...#.


You could see an orc warrior.

Vanquished Creatures
  The ghost of kajmaj the Digger, an amateur GrEE (D:3)
  2 ogres
  A sky beast (D:6)
  A big kobold (Sewer)
  A bullfrog (D:6)
  A howler monkey (D:6)
  2 hounds
  A jelly (D:6)
  4 orc wizards
  A worker ant (D:6)
  6 gnolls (D:3)
  4 adders (D:4)
  A river rat (D:6)
  A shadow imp (D:5)
  2 oozes
  2 worms
  A dart slug (D:1)
  3 leopard geckos
  20 orcs
  A ball python (D:3)
  5 bats
  8 giant cockroaches
  7 goblins
  7 hobgoblins
  20 jackals
  3 quokkas
  A frilled lizard (D:1)
  18 kobolds
  A leopard gecko skeleton (D:3)
  A quokka skeleton (D:5)
  10 rats
137 creatures vanquished.

Vanquished Creatures (others)
  2 fungi (D:6)
2 creatures vanquished.

Grand Total: 139 creatures vanquished

Notes
Turn   | Place    | Note
-------+----------+-------------------------------------------
     0 | D:1      | Naru the Hill Orc Monk began the quest for the Orb.
     0 | D:1      | Reached XP level 1. HP: 19/19 MP: 1/1
    95 | D:1      | Reached XP level 2. HP: 20/27 MP: 2/2
   529 | D:1      | Reached XP level 3. HP: 29/33 MP: 3/3
   980 | D:2      | Reached skill level 5 in Axes
  1076 | D:2      | Found a shattered altar of Ashenzari.
  1192 | D:2      | HP: 1/33 [quokka (2)]
  1506 | D:2      | Reached skill level 1 in Armour
  1508 | D:2      | Found a sacrificial altar of Ru.
  1560 | D:2      | Found a sacrificial altar of Ru.
  1727 | D:3      | Reached XP level 4. HP: 32/41 MP: 4/4
  1914 | D:3      | Noticed kajmaj's ghost (amateur GrEE)
  1945 | D:3      | Killed kajmaj's ghost
  1945 | D:3      | Reached skill level 6 in Axes
  1945 | D:3      | Reached XP level 5. HP: 12/47 MP: 5/5
  2182 | D:3      | Found a glowing golden altar of the Shining One.
  2253 | D:3      | Reached XP level 6. HP: 39/53 MP: 6/6
  2277 | D:3      | Reached skill level 7 in Axes
  2947 | D:4      | Reached skill level 5 in Fighting
  2955 | D:4      | Noticed a hand axe
  3005 | D:4      | Noticed a hand axe
  3006 | D:4      | Found a hide-covered altar of Uskayaw.
  3134 | D:4      | Reached XP level 7. HP: 59/61 MP: 7/7
  3746 | D:5      | Entered Level 5 of the Dungeon
  3770 | D:5      | Reached skill level 8 in Axes
  4461 | D:5      | Found a staircase to the Ecumenical Temple.
  4557 | D:6      | Found a glowing drain.
  4562 | Sewer    | Entered a sewer
  4697 | Sewer    | Found a glowing silver altar of Zin.
  5045 | D:6      | Found a blossoming altar of Fedhas.
  5049 | D:6      | Found a stormy altar of Qazlal.
  5079 | D:6      | Reached skill level 5 in Armour
  5092 | D:6      | Reached XP level 8. HP: 63/70 MP: 8/8
  5102 | D:6      | Reached skill level 9 in Axes
  5467 | D:6      | Slain by an orc warrior

Skill      XL: |  1  2  3  4  5  6  7  8 |
---------------+-------------------------+-----
Fighting       | 4 5 6 |  6.0
Axes           | 5 6 7 8 9 |  9.7
Armour         | 1 2 3 5 |  5.1
Dodging        | |  2.6
Stealth        | |  1.5

Action                   |  1- 3 |  4- 6 |  7- 9 || total
-------------------------+-------+-------+-------++-------
Melee: Hand axe          |   144 |   212 |   112 ||   468
       Broad axe         |       |       |   156 ||   156
Throw: Javelin           |       |       |     7 ||     7
  Use: Scroll            |     6 |       |       ||     6
  Eat: Chunk             |     1 |     3 |     5 ||     9
       Ration            |     1 |       |     1 ||     2
Armor: Leather armour    |     8 |       |       ||     8
       Plate armour      |    63 |   175 |   230 ||   468
Dodge: Dodged            |    43 |    56 |   101 ||   200
